AoeStats
← Enyaloth

MegaRandom

509774741Analyzed
3v3 RM · 4d ago on Sep 28, 2026· 78m 8s· 6 players
Game mode
Random Map
Map size
Normal (6 player)
Population
200
Speed
Normal
Resources
Standard
Victory
Conquest
Starting age
Dark Age
Ending age
Imperial Age
RankedLock teamsTeams togetherTeam positionsShared explorationLock speedFull tech treeHidden civsTurbo modeCheats
Victory
Defeat
🇲🇽 Burmese · Mexico
1346
+14
🇺🇸 Poles · United States
1265
+17
🇲🇽 Tatars · Mexico
1255
+17
🇺🇸 Saxons · United States
1402
-21
🇺🇸 Maya · United States
1248
-14
🇺🇸 Persians · United States
1208
-13
andres
6:46 Loom
8:57 Feudal Age
18:49 Castle Age
17:55 Fletching
18:05 Padded Archer Armor
18:17 Bloodlines
19:43 Bodkin Arrow
20:23 Husbandry
23:05 Leather Archer Armor
23:53 Double-Bit Axe
25:01 Bow Saw
29:56 Ballistics
33:48 Imperial Age
33:14 Wheelbarrow
34:33 Bracer
35:39 Hand Cart
37:38 Heavy Cavalry Archer
39:46 Chemistry
39:38 Scale Barding Armor
41:35 Conscription
42:14 Ring Archer Armor
42:34 Silk Armor
44:01 Scale Barding Armor
44:06 Forging
43:59 Gold Mining
44:13 Elite Steppe Lancer
46:31 Chain Barding Armor
46:47 Iron Casting
46:31 Elite Skirmisher
47:58 Timurid Siegecraft
48:58 Plate Barding Armor
48:19 Town Watch
49:36 Caravan
51:48 Light Cavalry
62:50 Fortified Wall
62:50 Masonry
62:46 Siege Engineers
64:50 Town Patrol
64:40 Horse Collar
74:05 Treadmill Crane
76:11 Hussar
78:41 Blast Furnace
Nike man
2:12 Loom
10:16 Feudal Age
11:03 Double-Bit Axe
17:16 Forging
21:21 Castle Age
19:51 Horse Collar
20:26 Gold Mining
21:25 Scale Barding Armor
21:30 Stone Mining
21:29 Light Cavalry
23:23 Bloodlines
24:38 Town Watch
26:09 Wheelbarrow
26:07 Bow Saw
26:32 Husbandry
28:18 Hand Cart
31:17 Iron Casting
32:35 Chain Barding Armor
38:41 Imperial Age
38:08 Elite Skirmisher
42:01 Blast Furnace
41:39 Conscription
41:41 Heavy Plow
41:35 Cavalier
42:54 Fletching
43:05 Scale Mail Armor
44:21 Fishing Lines
45:49 Ballistics
46:29 Chemistry
47:02 Capped Ram
48:11 Bodkin Arrow
48:32 Chain Mail Armor
48:18 Padded Archer Armor
49:09 Thumb Ring
51:05 Winged Hussar
55:33 Plate Mail Armor
55:04 Bracer
58:39 Elite Obuch
59:28 Szlachta Privileges
59:44 Lechitic Legacy
63:56 Stone Shaft Mining
74:06 Leather Archer Armor
74:23 Crop Rotation
75:39 Town Patrol
75:52 Masonry
75:23 Siege Ram
77:31 Caravan
Jonny Nuevo México
6:52 Loom
9:34 Feudal Age
10:48 Horse Collar
11:23 Man-at-Arms
20:16 Castle Age
18:11 Gold Mining
21:12 Heavy Plow
22:45 Gold Shaft Mining
27:57 Husbandry
28:07 Bloodlines
28:56 Wheelbarrow
35:03 Imperial Age
32:19 Town Watch
33:30 Hand Cart
34:44 Caravan
38:01 Chemistry
37:22 Ballistics
36:42 Elite Arambai
40:51 Padded Archer Armor
42:04 Fletching
42:57 Bodkin Arrow
43:55 Conscription
43:38 Manipur Cavalry
43:44 Scale Barding Armor
43:36 Light Cavalry
44:28 Forging
44:37 Hussar
46:05 Chain Barding Armor
49:14 Plate Barding Armor
50:51 Iron Casting
55:07 Siege Engineers
61:35 Blast Furnace
60:59 Onager
65:58 Long Swordsman
66:23 Gambesons
66:38 Squires
66:24 Arson
67:23 Pikeman
68:04 Scale Mail Armor
69:52 Halberdier
72:14 Chain Mail Armor
74:49 Masonry
74:19 Treadmill Crane
75:48 Plate Mail Armor
Enyaloth
0:27 Loom
12:17 Feudal Age
13:00 Double-Bit Axe
13:07 Gold Mining
18:32 Castle Age
20:35 Wheelbarrow
19:25 Crossbowman
20:53 Horse Collar
22:28 Bow Saw
26:41 Thumb Ring
26:32 Fletching
26:50 Padded Archer Armor
27:30 Bodkin Arrow
28:24 Ballistics
29:55 Leather Archer Armor
31:27 Hand Cart
33:40 Fishing Lines
38:56 Imperial Age
36:14 Town Watch
37:05 Stone Mining
39:00 Arbalester
40:42 Chemistry
39:44 Bracer
40:15 Ring Archer Armor
44:41 Town Patrol
45:46 Two-Man Saw
46:14 Masonry
46:02 Murder Holes
51:15 Pikeman
51:55 Squires
54:59 Conscription
54:21 Pikeman
56:54 Halberdier
62:27 Scale Mail Armor
62:37 Forging
62:18 Arson
65:53 Capped Ram
73:46 Chain Mail Armor
74:06 Iron Casting
Drachken
7:32 Loom
11:10 Feudal Age
15:20 Castle Age
13:42 Double-Bit Axe
17:05 Scale Mail Armor
17:34 Bow Saw
21:27 Horse Collar
25:07 Heavy Plow
27:40 Chain Mail Armor
27:35 Forging
31:05 Iron Casting
30:21 Fletching
31:46 Ballistics
33:33 Wheelbarrow
33:20 Bodkin Arrow
33:37 Masonry
33:39 Fortified Wall
33:25 Murder Holes
37:10 Imperial Age
34:37 Treadmill Crane
37:49 Elite Hearth Troop
37:50 Shield Wall
38:51 Conscription
38:01 Sappers
39:44 Two-Man Saw
39:06 Conscription
39:42 Plate Mail Armor
39:13 Bracer
41:13 Chemistry
45:30 Pikeman
46:11 Squires
45:57 Arson
46:49 Halberdier
48:05 Architecture
47:40 Siege Engineers
48:56 Guard Tower
50:36 Keep
49:47 Arrowslits
50:26 Elite Varangian Guard
54:57 Hoardings
60:23 Gold Mining
60:27 Stone Mining
61:12 Crop Rotation
68:24 Onager
70:07 Hand Cart
72:32 Padded Archer Armor
73:08 Elite Skirmisher
73:54 Thumb Ring
shanzeenee
8:44 Loom
10:58 Feudal Age
17:14 Castle Age
17:58 Bloodlines
21:24 Horse Collar
23:28 Double-Bit Axe
24:45 Scale Barding Armor
25:40 Forging
27:38 Wheelbarrow
27:12 Husbandry
28:22 Chain Barding Armor
28:00 Gold Mining
29:35 Hand Cart
30:31 Iron Casting
34:37 Gold Shaft Mining
47:20 Imperial Age
47:51 Light Cavalry
49:45 Plate Barding Armor
50:12 Blast Furnace
49:35 Cavalier
50:54 Cavalier
53:04 Cavalier
57:01 Bow Saw
58:06 Caravan
59:25 Savar
Connection lost

Rejoining the realm…

Still unreachable

The connection could not be restored.

Session expired

The server has moved on; the page needs a fresh start.